 Dungeon Sprint DCSS version 0.23.1 (webtiles) character file.

Game seed: 10689915841577762669

621 Coolman4810 the Fighter (level 7, -4/72 HPs)
             Began as a Minotaur Fighter on Mar 17, 2019.
             Shot with an arrow by a centaur warrior (22 damage)
             ... in the Dungeon (Sprint I: "Red Sonja").
             The game lasted 00:01:57 (957 turns).

Coolman4810 the Fighter (Minotaur Fighter)           Turns: 957, Time: 00:01:58

Health: -4/72      AC:  8    Str: 22    XL:     7   Next: 22%
Magic:  6/6        EV:  9    Int:  5    God:
Gold:   297        SH: 12    Dex: 10    Spells: 6/6 levels left

rFire    . . .     SeeInvis .   a - +0 war axe
rCold    . . .     Gourm    .   c - +0 shield
rNeg     . . .     Faith    .   b - +0 scale mail
rPois    .         Spirit   .   (helmet restricted)
rElec    .         Reflect  .   (no cloak)
rCorr    .         Harm     .   (no gloves)
MR       .....     NoTele   +   (no boots)
Stlth    ..........             (no amulet)
HPRegen  0.22/turn              (no ring)
MPRegen  0.10/turn              (no ring)

@: very slightly contaminated
A: retaliatory headbutt, horns 2
a: no special abilities


You were in the Dungeon.
You were not hungry.

You visited 1 branch You collected 297 gold pieces.

Inventory:

Hand Weapons
 a - a +0 war axe (weapon)
Armour
 b - a +0 scale mail (worn)
 c - a +0 shield (worn)
Scrolls
 l - 2 scrolls of remove curse {unknown}
Potions
 d - a potion of might
 e - a potion of curing
 g - a potion of heal wounds
 h - a potion of haste
 i - 2 potions of magic
 j - a potion of berserk rage
Comestibles
 f - a ration


   Skills:
 + Level 10.2 Fighting
 + Level 9.6 Axes
 + Level 9.9 Armour
 + Level 1.3 Dodging
 + Level 10.0 Shields


You had 6 spell levels left.
You didn't know any spells.
Your spell library was empty.

Dungeon Overview and Level Annotations

Branches:
Dungeon (1/1)

Altars:
Cheibriados
Dithmenos
Elyvilon
Fedhas
Hepliaklqana
Kikubaaqudgha
Makhleb
Okawaru
Qazlal
Ru
Sif Muna
Trog
Uskayaw
Vehumet
Wu Jian
Xom
Yredelemnul
Zin
The Shining One
Jiyva
Lugonu

Shops:
D }


Innate Abilities, Weirdness & Mutations

You reflexively headbutt those who attack you in melee.
You have a pair of horns on your head.


Message History

The centaur warrior hits you but does no damage.
You block the centaur warrior's attack.
The centaur warrior hits you but does no damage.
Your unstable footing causes you to fumble your attack.
The centaur warrior hits you! You block the centaur warrior's attack.
You closely miss the centaur warrior.
The centaur warrior is lightly wounded.
You hit the centaur warrior but do no damage.
The centaur warrior hits you. x2
* * * LOW HITPOINT WARNING * * *
The centaur warrior hits you but does no damage.
The centaur warrior barely misses you. You furiously retaliate!
You headbutt the centaur warrior!
Blink to where?
Press: ? - help, Dir - move target cursor You are very lightly contaminated with residual magic.
As you read the scroll of blinking, it crumbles to dust.
The centaur warrior wields a +0 shortbow.
The centaur warrior shoots an arrow.
The arrow hits you!!
You die...

###################
#<.#..').#..'..#__#
#..').#..').#..'..+
#..#####'#####'#__####
#..# #..#...#)####§§#
#..#__####..##@#≈≈§.§#
#..#_____##'#_.'≈≈§c§+
#⌠⌠#_.∩...†..._#≈≈§c§#
####_..__##_.#'##+####
___ ##+#.# # ###


You could see 2 centaur warriors.

Vanquished Creatures
  A slime creature (D)
  Sigmund (D)
  A yak (D)
  An ogre (D)
  A jelly (D)
  Ijyb (D)
6 creatures vanquished.

Vanquished Creatures (others)
  A gargoyle (D)
1 creature vanquished.

Grand Total: 7 creatures vanquished

Notes
Turn   | Place    | Note
-------+----------+-------------------------------------------
     0 | D        | Coolman4810 the Minotaur Fighter began the quest for the
                  | Orb.
     0 | D        | Reached XP level 1. HP: 19/19 MP: 0/0
     2 | D        | Noticed Ijyb
    18 | D        | Killed Ijyb
    18 | D        | Reached skill level 5 in Fighting
    18 | D        | Reached skill level 5 in Armour
    18 | D        | Reached skill level 5 in Shields
    18 | D        | Reached XP level 2. HP: 26/29 MP: 1/1
    46 | D        | Noticed an ogre
    50 | D        | Killed an ogre
    50 | D        | Reached XP level 3. HP: 3/38 MP: 2/2
    50 | D        | Reached XP level 4. HP: 3/45 MP: 3/3
   326 | D        | Noticed Sigmund
   345 | D        | Killed Sigmund
   345 | D        | Reached XP level 5. HP: 10/56 MP: 4/4
   345 | D        | Reached XP level 6. HP: 11/62 MP: 5/5
   611 | D        | Found a burning altar of Makhleb.
   611 | D        | Found a viscous altar of Jiyva.
   611 | D        | Found a shimmering altar of Xom.
   611 | D        | Found a corrupted altar of Lugonu.
   611 | D        | Noticed a slime creature
   620 | D        | Killed a gargoyle
   623 | D        | Killed a slime creature
   623 | D        | Reached skill level 1 in Dodging
   814 | D        | Found an ornate altar of the Wu Jian Council.
   814 | D        | Found a deep blue altar of Sif Muna.
   816 | D        | Found a radiant altar of Vehumet.
   877 | D        | Found Esefuqe's Gadget Emporium.
   877 | D        | Found an ancient bone altar of Kikubaaqudgha.
   877 | D        | Found a hazy altar of Hepliaklqana.
   877 | D        | Found a stormy altar of Qazlal.
   877 | D        | Found a hide-covered altar of Uskayaw.
   877 | D        | Found a blossoming altar of Fedhas.
   877 | D        | Found a bloodstained altar of Trog.
   877 | D        | Found an iron altar of Okawaru.
   877 | D        | Found a basalt altar of Yredelemnul.
   877 | D        | Found a glowing golden altar of the Shining One.
   877 | D        | Found a snail-covered altar of Cheibriados.
   877 | D        | Found a sacrificial altar of Ru.
   877 | D        | Found a glowing silver altar of Zin.
   877 | D        | Found a shadowy altar of Dithmenos.
   877 | D        | Found a white marble altar of Elyvilon.
   877 | D        | Noticed a yak
   881 | D        | Killed a yak
   881 | D        | Reached skill level 10 in Fighting
   881 | D        | Reached skill level 10 in Shields
   881 | D        | Reached XP level 7. HP: 60/72 MP: 6/6
   943 | D        | Noticed a centaur warrior
   945 | D        | Noticed a centaur warrior
   957 | D        | Shot with an arrow by a centaur warrior

Skill      XL: |  1  2  3  4  5  6 |
---------------+-------------------+-----
Fighting       | 5 6 8 10 | 10.2
Axes           | 3 4 7 9 |  9.6
Armour         | 5 6 8 9 |  9.9
Shields        | 5 6 8 10 | 10.0
Dodging        | 1 |  1.3

Action                   |  1- 3 |  4- 6 |  7- 9 || total
-------------------------+-------+-------+-------++-------
Melee: War axe           |    18 |    34 |     9 ||    61
       Headbutt          |     3 |    11 |       ||    14
  Use: Scroll            |       |       |     1 ||     1
Armor: Scale mail        |     8 |     6 |     6 ||    20
Dodge: Dodged            |     2 |     2 |     7 ||    11
Block: Shield            |     8 |    11 |     8 ||    27
